 Dungeon Crawl Stone Soup version 0.21-a0-578-gc6e9d75 (webtiles) character file.

147 slep the Chopper (level 5, -4/39 HPs)
             Began as a Demonspawn Gladiator on Dec 19, 2017.
             Slain by Sigmund
             ... wielding a +0 scythe
              (8 damage)
             ... on level 3 of the Dungeon.
             The game lasted 00:08:48 (2663 turns).

slep the Chopper (Demonspawn Gladiator)             Turns: 2663, Time: 00:08:49

Health: -4/39      AC:  8    Str: 12    XL:     5   Next: 7%
Magic:  5/5        EV: 13    Int:  9    God:
Gold:   117        SH:  0    Dex: 16    Spells: 4/4 levels left

rFire    . . .     SeeInvis .   a - +0 war axe
rCold    . . .     Gourm    .   (no shield)
rNeg     . . .     Faith    .   b - +0 leather armour
rPois    .         Spirit   .   m - +2 helmet
rElec    .         Reflect  .   (no cloak)
rCorr    .         Harm     .   (no gloves)
MR       .....                  (no boots)
Stlth    +.........             (no amulet)
HPRegen  0.13/turn              g - -3 ring of slaying (curse)
MPRegen  0.09/turn              s - -2 ring of strength (curse)

@: very slightly contaminated
A: thin metallic scales 1, rot immunity
a: no special abilities


You were on level 3 of the Dungeon.
You were not hungry.

You visited 1 branch of the dungeon, and saw 3 of its levels.

You collected 117 gold pieces.

Inventory:

Hand Weapons
 a - a +0 war axe (weapon)
Missiles
 d - 3 throwing nets (quivered)
Armour
 b - a +0 leather armour (worn)
 c - a +0 helmet
 m - a +2 helmet (worn)
Jewellery
 g - a cursed -3 ring of slaying (left hand)
 s - a cursed -2 ring of strength (right hand)
Wands
 l - a wand of paralysis (15)
 t - a wand of scattershot (3)
 u - a wand of clouds (4)
Scrolls
 j - 5 scrolls of identify {unknown}
 k - a scroll of noise {unknown}
 n - a scroll of remove curse {unknown}
 p - 2 scrolls of teleportation {unknown}
 q - a scroll of fog {unknown}
 x - a scroll of magic mapping {unknown}
Potions
 i - a potion of resistance {unknown}
 o - a potion of ambrosia {unknown}
 v - 2 potions of magic {unknown}
 w - a potion of curing {unknown}
 z - a potion of mutation {unknown}
Comestibles
 f - 5 rations


   Skills:
 + Level 2.5 Fighting
 + Level 4.1 Axes
 + Level 1.8 Throwing
 + Level 1.5 Armour
 + Level 3.3 Dodging
 + Level 0.2 Stealth


You had 4 spell levels left.
You didn't know any spells.

Dungeon Overview and Level Annotations

Branches:
Dungeon (3/15)

Altars:

Annotations:
D:3 Sigmund


Innate Abilities, Weirdness & Mutations

You are partially covered in thin metallic scales. (AC +2)
You are immune to rotting.


Message History

You bump into the rock wall.
Something hits you.
You bump into the rock wall.
You completely miss something. Something hits you!
* * * LOW HITPOINT WARNING * * *
You miss something.
Sigmund appears from thin air!
Reactivating autopickup.
Sigmund casts a spell at you. The puff of flame hits you!
* * * LOW HITPOINT WARNING * * *
You closely miss Sigmund.
You feel less confused. Sigmund barely misses you.
You hit Sigmund but do no damage. Sigmund looks at you with fury.
Sigmund points at you and mumbles some strange words.
You resist with some effort.
You slash Sigmund!
Sigmund is moderately wounded.
Sigmund hits you with a scythe!
You die...

#...# ##......
....#### #.......
+....# #.......
#....### #......)
#......####.......
#....#.(..........
#.########........
#.# #.#...... #@#
#........ #@#
####...####
+r....##......##
...............###
..................#
#..<.............#..
#................###
#................#
#................#


You could see Sigmund and a quokka.

Vanquished Creatures
  Robin (D:3)
  5 adders
  An ooze (D:1)
  A worm (D:2)
  2 leopard geckos
  3 orcs (D:3)
  6 giant cockroaches
  20 goblins
  9 hobgoblins
  3 jackals (D:3)
  4 ball pythons
  7 bats
  5 frilled lizards
  7 kobolds
  3 rats
77 creatures vanquished.

Vanquished Creatures (others)
  A goblin (D:3)
  A bat (D:3)
2 creatures vanquished.

Grand Total: 79 creatures vanquished

Notes
Turn   | Place    | Note
-------+----------+-------------------------------------------
     0 | D:1      | slep the Demonspawn Gladiator began the quest for the Orb.
     0 | D:1      | Reached XP level 1. HP: 16/16 MP: 1/1
   115 | D:1      | Reached skill level 3 in Axes
   115 | D:1      | Gained mutation: You are immune to rotting. [demonic ancestry]
   115 | D:1      | Reached XP level 2. HP: 22/22 MP: 2/2
   497 | D:1      | Reached XP level 3. HP: 17/27 MP: 3/3
  1174 | D:2      | Reached XP level 4. HP: 24/33 MP: 4/4
  1290 | D:2      | Reached skill level 1 in Armour
  1945 | D:3      | Noticed Robin
  1979 | D:3      | Killed Robin
  1979 | D:3      | Reached skill level 4 in Axes
  2285 | D:3      | Gained mutation: You are partially covered in thin metallic scales. (AC +2) [demonic ancestry]
  2285 | D:3      | Reached XP level 5. HP: 19/39 MP: 5/5
  2615 | D:3      | Noticed Sigmund
  2663 | D:3      | Slain by Sigmund

Vault maps used:
D:1:      ncdulo_smallfort, minmay_misc_feat_room, serial_bayou_pond_a,
          moated_statue
D:2:      kb_forest_paths, roderic_roman_lattice, minmay_statues_item
D:3:      kennysheep_big_empty_room, nicolae_ru_great_annihilating_truth,
          uniq_robin, uniq_sigmund

Skill      XL: |  1  2  3  4 |
---------------+-------------+-----
Axes           | 3 4 |  4.1
Dodging        | 3 |  3.3
Armour         | 1 |  1.5
Fighting       | |  2.5
Throwing       | |  1.8
Stealth        | |  0.2

Action                   |  1- 3 |  4- 6 || total
-------------------------+-------+-------++-------
Melee: War axe           |   124 |   156 ||   280
  Use: Potion            |       |     2 ||     2
 Stab: Sleeping          |     1 |     1 ||     2
  Eat: Chunk             |     1 |     5 ||     6
Armor: Leather armour    |    45 |    79 ||   124
       Skin              |       |    13 ||    13
Dodge: Dodged            |   122 |   142 ||   264

Table legend:
 A = Spawn XP
 B = Non-spawn XP
 C = Spawn XP percentage of total XP
 D = Spawn monster count
 E = Non-spawn monster count
 F = Spawn count percentage of total count
 G = Total turns spent on level
                    A         B        C        D         E        F      G
               +---------+---------+-------+---------+---------+-------+---------
         Total |       0 |     210 |   0.0 |       0 |      77 |   0.0 |  2663
               +---------+---------+-------+---------+---------+-------+---------
           D:1 |       0 |      49 |   0.0 |       0 |      28 |   0.0 |   917
           D:2 |       0 |      87 |   0.0 |       0 |      24 |   0.0 |   996
           D:3 |       0 |      74 |   0.0 |       0 |      25 |   0.0 |   750
               +---------+---------+-------+---------+---------+-------+---------
